 Dungeon Crawl Stone Soup version 0.18.1-1-g2f07953 (webtiles) character file.

44 SkaryMonk the Changer (level 3, 0/24 HPs)
             Began as a Human Wanderer on May 6, 2016.
             Slain by a hobgoblin (1 damage)
             ... on level 2 of the Dungeon.
             The game lasted 00:03:43 (1262 turns).

SkaryMonk the Changer (Human Wanderer)              Turns: 1262, Time: 00:03:44

Health: 0/24       AC:  2    Str: 12    XL:     3   Next: 87%
Magic:  3/7        EV: 11    Int: 13    God:
Gold:   84         SH:  0    Dex: 12    Spells: 1 memorised, 7 levels left

rFire  . . .     SeeInvis .     k - -1 dagger (curse)
rCold  . . .     Gourm    .     d - +0 robe
rNeg   . . .     Faith    .     (no shield)
rPois  .         Spirit   .     (no helmet)
rElec  .         Dismiss  .     (no cloak)
rCorr  .         Reflect  .     (no gloves)
SustAt .         Harm     .     (no boots)
MR     .....                    (no amulet)
Stlth  ++........               (no ring)
                                (no ring)

@: not resistant to hostile enchantments, unstealthy
A: no striking features
a: no special abilities


You were on level 2 of the Dungeon.
You were not hungry.

You visited 1 branch of the dungeon, and saw 2 of its levels.

You collected 84 gold pieces.

Notes
Turn   | Place    | Note
--------------------------------------------------------------
     0 | D:1      | SkaryMonk the Human Wanderer began the quest for the Orb.
     0 | D:1      | SkaryMonk set off with: a book of Battle, the Papyrus of Shape Shifting, the Volume of the Exiled Beggars, a +0 robe, a +0 dagger, a bread ration
     0 | D:1      | Reached XP level 1. HP: 13/13 MP: 4/4
    36 | D:1      | Identified the Papyrus of Shape Shifting
    36 | D:1      | Identified the Volume of the Exiled Beggars
    38 | D:1      | Learned a level 1 spell: Infusion
   215 | D:1      | Reached skill level 1 in Short Blades
   215 | D:1      | Reached XP level 2. HP: 16/19 MP: 6/6
   583 | D:1      | Reached XP level 3. HP: 6/24 MP: 5/7
  1256 | D:2      | HP: 1/24 [hobgoblin (1)]
  1262 | D:2      | Slain by a hobgoblin

Inventory:

Hand Weapons
 g - a +0 dagger of flaming
 k - a cursed -1 dagger (weapon)
Armour
 d - a +0 robe (worn)
 n - a +0 scale mail
Jewellery
 i - a +2 ring of slaying {unknown}
Scrolls
 h - a scroll of identify {unknown}
 j - a scroll of recharging {unknown}
Potions
 e - a potion of flight {unknown}
Books
 a - a book of Battle

   Spells                             Type                      Level
   a - Infusion                       Charms                       1
   b - Shroud of Golubria             Charms/Translocation         2
   c - Song of Slaying                Charms                       2
   d - Spectral Weapon                Hexes/Charms                 3
   e - Regeneration                   Charms/Necromancy            3
 b - the Papyrus of Shape Shifting

   Spells                             Type                      Level
   a - Beastly Appendage              Transmutation                1
   b - Spider Form                    Transmutation/Poison         3
 c - the Volume of the Exiled Beggars

   Spells                             Type                      Level
   a - Beastly Appendage              Transmutation                1
   b - Ignite Poison                  Fire/Transmutation/Poison    3
Comestibles
 f - a bread ration
 l - a chunk of flesh
 m - a meat ration

Table legend:
 A = Turns spent in this place as a percentage of turns spent in the entire game.
 B = Non-inter-level travel turns spent in this place as a percentage of non-inter-level travel turns spent in the entire game.
 C = Inter-level travel turns spent in this place as a percentage of turns spent in this place.
 D = Turns resting spent in this place as a percentage of non-inter-level travel turns spent in this place.
 E = Turns spent auto-exploring this place as a percentage of non-inter-level travel turns spent in this place.
 F = Non-inter-level travel turns spent in this place divided by the number of levels of this place that you've seen.
                   A       B       C       D       E      F
               +-------+-------+-------+-------+-------+----------------------
         Total | 100.0 | 100.0 |   0.3 |   4.0 |   8.0 | 163.5
       Dungeon | 100.0 | 100.0 |   0.3 |   4.0 |   8.0 | 163.5
               +-------+-------+-------+-------+-------+----------------------


   Skills:
 + Level 3.0 Short Blades
 - Level 1.0 Stealth
   Level 1.0 Shields
 - Level 0.6 Unarmed Combat
 - Level 3.0 Spellcasting
 - Level 1.0 Charms
   Level 3.0 Transmutations
   Level 1.0 Air Magic


You had 7 spell levels left.
You knew the following spells:

 Your Spells              Type           Power        Failure   Level  Hunger
a - Infusion              Chrm           #...         17%         1    #......


Dungeon Overview and Level Annotations

Branches:
Dungeon (2/15)

Altars:


Message History

The hobgoblin hits you.
* * * LOW HITPOINT WARNING * * *
You barely miss the hobgoblin.
The hobgoblin is lightly wounded.
You hit the hobgoblin.
The hobgoblin is moderately wounded.
The hobgoblin closely misses you.
You closely miss the hobgoblin.
The hobgoblin is moderately wounded.
The hobgoblin closely misses you.
You hit the hobgoblin but do no damage.
The hobgoblin is moderately wounded.
The hobgoblin misses you.
You hit the hobgoblin but do no damage.
The hobgoblin is moderately wounded.
The hobgoblin barely misses you.
You barely miss the hobgoblin.
The hobgoblin is moderately wounded.
The hobgoblin hits you.
You die...

####. ..#. #...####
## ## ###......# ##.#
#. ........# #.. #.
>.....# #(# #.
###†..######.# #.
#...@........#######.
#.#)g.####...........
#........#########.
#.....####### #.
#...#### #. ..## #. #
##


You could see a hobgoblin.

Table legend:
 A = Kills in this place as a percentage of kills in entire the game.
 B = Kills by you in this place as a percentage of kills by you in the entire game.
 C = Kills by friends in this place as a percentage of kills by friends in the entire game.
 D = Other kills in this place as a percentage of other kills in the entire game.
 E = Experience gained in this place as a percentage of experience gained in the entire game.
 F = Experience gained in this place divided by the number of levels of this place that you have seen.
                   A       B       C       D       E      F
               +-------+-------+-------+-------+-------+----------------------
         Total | 100.0 | 100.0 |  -nan |  -nan | 100.0 |  32.0
       Dungeon | 100.0 | 100.0 |  -nan |  -nan | 100.0 |  32.0
               +-------+-------+-------+-------+-------+----------------------

Vanquished Creatures
  An adder (D:2)
  A worm (D:2)
  3 giant geckos
  4 bats (D:1)
  3 goblins (D:1)
  4 hobgoblins (D:1)
  2 jackals (D:1)
  A ball python (D:2)
  A giant newt (D:2)
  5 kobolds
  3 rats (D:1)
28 creatures vanquished.

Action                   || total
-------------------------++-------
Melee: Dagger            ||   112
       Punch             ||     1
 Cast: Infusion          ||     5
  Use: Scroll            ||     2
 Stab: Sleeping          ||     3
  Eat: Chunk             ||     1
Armor: Robe              ||    17
Dodge: Dodged            ||    75

Vault maps used:
D:1:      minmay_arrival_jagged
D:2:      grunt_gozag_breadcrumbs, lemuel_coloured_pillars_altar,
          nicolae_overflow_hidden_temple, uniq_crazy_yiuf_cottage
